 Dungeon Crawl Stone Soup version 0.29-a0-994-gc5c9f59d18 (webtiles) character file.

Game seed: 17945596233645981768

6487 ytrimaz the Carver (level 10, -4/83 HPs)
             Began as a Demonspawn Fighter on Aug 3, 2022.
             Killed from afar by an electric eel (13 damage)
             ... with a bolt of electricity
             ... on level 9 of the Dungeon.
             The game lasted 00:12:32 (9149 turns).

ytrimaz the Carver (Demonspawn Fighter)             Turns: 9149, Time: 00:12:33

Health: -4/83      AC: 10    Str: 18    XL:     10   Next: 68%
Magic:  10/10      EV: 17    Int:  9    God:
Gold:   547        SH: 14    Dex: 16    Spells: 9/9 levels left

rFire   . . .      SeeInvis .   a - +2 long sword (protect)
rCold   . . .      Faith    .   c - +0 buckler
rNeg    . . .      Spirit   .   b - +0 scale mail
rPois   .          Reflect  +   (no helmet)
rElec   .          Harm     .   p - +0 cloak
rCorr   .          Rampage  .   j - +0 pair of gloves
Will    .....                   K - +0 pair of boots
Stlth   ..........              g - amulet of reflection
HPRegen 0.23/turn               H - +4 ring of evasion
MPRegen 0.12/turn               u - +4 ring of evasion

@: about to teleport
A: large bone plates 1, ignite blood 2, powered by death 2
a: no special abilities


You were on level 9 of the Dungeon.
You visited 1 branch of the dungeon, and saw 9 of its levels.
You also visited: Sewer.

You collected 592 gold pieces.
You spent 45 gold pieces at shops.

Inventory:

Hand Weapons
 a - a +2 long sword of protection (weapon)
Missiles
 w - 3 boomerangs
Armour
 b - a +0 scale mail (worn)
 c - a +0 buckler (worn)
 j - a +0 pair of gloves (worn)
 o - a +1 tower shield
 p - a +0 cloak (worn)
 v - +0 steam dragon scales
 K - a +0 pair of boots (worn)
Jewellery
 g - an amulet of reflection (around neck)
 h - a ring of protection from cold
 q - a +6 ring of strength
 u - a +4 ring of evasion (right hand)
 y - a ring of flight
 B - a +6 ring of strength
 D - a ring of protection from fire
 H - a +4 ring of evasion (left hand)
Wands
 n - a wand of roots (3) (quivered)
 F - a wand of light (2)
 O - a wand of charming (4)
Scrolls
 d - a scroll of silence
 t - 2 scrolls of enchant armour
 A - a scroll of teleportation
 C - a scroll of magic mapping
 E - 2 scrolls of enchant weapon
 I - a scroll of poison
 N - a scroll of amnesia
 P - 2 scrolls of identify
Potions
 e - 2 potions of brilliance {unknown}
 f - 7 potions of curing
 i - 5 potions of mutation
 k - 2 potions of degeneration {unknown}
 l - 2 potions of ambrosia
 m - 4 potions of cancellation
 r - 5 potions of attraction
 s - 6 potions of flight
 x - 2 potions of magic
 z - a potion of haste {unknown}
 G - a potion of resistance {unknown}
 J - 2 potions of lignification {unknown}
 L - 2 potions of invisibility {unknown}
 M - a potion of heal wounds
 Q - a potion of might


   Skills:
 + Level 9.0 Fighting
 + Level 12.4 Long Blades
 - Level 2.8 Armour
 - Level 4.0 Shields
 - Level 1.4 Evocations


You had 9 spell levels left.
You didn't know any spells.
Your spell library contained the following spells:

 Spells                   Type           Power      Damage    Failure   Level
 Shock                    Conj/Air       0%         1d3       86%         1
 Sublimation of Blood     Necr           0%         N/A       94%         2
 Wereblood                Tmut           0%         N/A       94%         2
 Call Canine Familiar     Summ           0%         N/A       99%         3
 Ignite Poison            Fire/Tmut/Pois 0%         N/A       99%         3
 Mephitic Cloud           Conj/Pois/Air  0%         N/A       99%         3
 Portal Projectile        Hex/Tloc       0%         N/A       99%         3
 Summon Guardian Golem    Hex/Summ       0%         N/A       99%         3
 Swiftness                Air            0%         N/A       99%         3
 Airstrike                Air            0%         2d(0-16)  100%        4
 Animate Armour           Summ/Erth      0%         N/A       100%        4
 Leda's Liquefaction      Hex/Erth       0%         N/A       100%        4
 Blade Hands              Tmut           0%         N/A       100%        5
 Freezing Cloud           Conj/Ice/Air   0%         6-21      100%        5
 Iron Shot                Conj/Erth      0%         9d1       100%        6
 Orb of Destruction       Conj           0%         9d5       100%        7
 Spellforged Servitor     Conj/Summ      0%         N/A       100%        7
 Summon Hydra             Summ           0%         N/A       100%        7


Dungeon Overview and Level Annotations

Branches:
Dungeon (9/15)             Temple (0/1) D:5            Lair (0/5) D:9
  Sewer (visited)
    Orc: D:9-12

Altars:
Fedhas
Trog
Uskayaw
Vehumet
Yredelemnul

Shops:
D:5 ?


Innate Abilities, Weirdness & Mutations

You are partially covered in large bone plates. (SH +4)
Your demonic aura often causes spilled blood to erupt in flames.
You regenerate health from kills.


Message History

There is a large open door here.
You see here a +0 club.
An electric eel is nearby!
Found a morningstar.
The electric eel shoots out a bolt of lightning at you!
The bolt of electricity hits you.
An electric eel comes into view.
The electric eel shoots out a bolt of lightning at you!
The bolt of electricity hits you.
The electric eel shoots out a bolt of lightning at you!
The bolt of electricity hits you!
The electric eel shoots out a bolt of lightning at you!
The bolt of electricity hits you.
You see here a scroll of identify.
P - 2 scrolls of identify (gained 1)
The electric eel shoots out a bolt of lightning at you!
The bolt of electricity hits you!
An electric eel comes into view.
The electric eel shoots out a bolt of lightning at you!
The bolt of electricity hits you.
The electric eel shoots out a bolt of lightning at you!
The bolt of electricity hits you! What are your orders? t - Shout!
Orders for allies: a - Attack new target. r - Retreat! s - Stop attacking. g - Guard the area. f - Follow me.
Anything else - Cancel.
Okay, then.
As you read the scroll of teleportation, it crumbles to dust.
You feel strangely unstable.
The electric eel shoots out a bolt of lightning at you!
The bolt of electricity hits you!
* * * LOW HITPOINT WARNING * * *
The electric eel shoots out a bolt of lightning at you!
The bolt of electricity hits you!
* * * LOW HITPOINT WARNING * * *
The electric eel shoots out a bolt of lightning at you!
The bolt of electricity hits you!
You die...

##### ≈≈≈≈ ≈≈≈≈≈≈ ..... ≈≈≈≈≈
≈≈≈≈≈≈ ..... ≈≈≈≈≈# #≈≈≈≈≈≈
####### ≈≈≈≈≈. .≈≈≈≈≈≈ ......#
≈≈≈≈≈.##.≈≈≈S≈≈ ......#
≈≈≈≈S#).#≈≈≈≈≈≈ ......#
≈≈≈≈≈≈≈..≈≈≈≈≈≈≈ #### ###...#
≈≈≈≈≈≈≈.@≈≈≈≈≈≈≈ #..##
##..##≈≈≈≈≈≈≈..S≈≈≈≈≈≈ ##..#
#.#.##≈≈≈≈≈≈..≈≈≈≈≈≈# ##.#
#..#.##≈≈≈≈≈..≈≈≈≈≈## #.#
#####....##≈≈≈≈..≈≈≈≈## #.##
........####≈≈≈..≈≈≈## #..#
#######.## ####')###### ##.#
.....##..## #...#....#######.##
##.#.###..####.....##......##..##


You could see 3 electric eels.

Vanquished Creatures
  2 two-headed ogres
  Pikel (D:4)
  Psyche (D:8)
  A hornet (D:7)
  A slime creature (D:9)
  A wyvern (D:9)
  4 steam dragons
  Grum (D:8)
  Duvessa (D:5)
  A water moccasin (D:8)
  A sky beast (D:7)
  2 ice beasts
  2 black bears
  2 orc warriors (D:7)
  3 ogres
  3 wolves (D:8)
  A lemure (D:4)
  3 phantoms
  4 kobold brigands
  3 bullfrogs
  2 necrophages (D:4)
  7 wights (D:8)
  Dowan (D:5)
  2 electric eels (D:9)
  A bullfrog zombie (D:5)
  3 hounds
  2 centaur zombies (D:5)
  A gnoll bouda (D:7)
  An orc priest (D:3)
  4 orc wizards
  2 scorpion zombies (D:5)
  Terence (D:2)
  Natasha (twice) (D:4)
  2 iguanas (D:4)
  A hound zombie (D:5)
  Robin (D:3)
  9 adders
  4 gnolls
  3 white imps
  An ufetubus (D:6)
  3 worms
  5 dart slugs
  13 orcs
  5 ball pythons
  5 bats
  8 endoplasms
  5 giant cockroaches
  12 goblins
  11 hobgoblins
  10 jackals
  7 quokkas
  2 frilled lizards (D:3)
  25 kobolds
  8 rats
207 creatures vanquished.

Vanquished Creatures (others)
  2 sky beasts (D:7)
  A gnoll (D:7)
  2 plants (D:1)
5 creatures vanquished.

Grand Total: 212 creatures vanquished

Notes
Turn   | Place    | Note
-------+----------+-------------------------------------------
     0 | D:1      | ytrimaz the Demonspawn Fighter began the quest for the Orb.
     0 | D:1      | Reached XP level 1. HP: 18/18 MP: 1/1
   175 | D:1      | Gained mutation: You regenerate a little health from kills.
                  | [demonic ancestry]
   175 | D:1      | Reached XP level 2. HP: 22/24 MP: 2/2
   405 | D:1      | Reached skill level 2 in Long Blades
  1100 | D:2      | Reached XP level 3. HP: 29/29 MP: 3/3
  1250 | D:2      | Noticed Terence
  1260 | D:2      | Killed Terence
  1266 | D:2      | Gained mutation: You are partially covered in large bone
                  | plates. (SH +4) [demonic ancestry]
  1266 | D:2      | Reached XP level 4. HP: 11/36 MP: 4/4
  1606 | D:2      | Reached skill level 3 in Long Blades
  1653 | D:2      | Identified the +3 quarterstaff "Vewomecu" {antimagic,
                  | Str+5}
  2139 | D:2      | Found a faded altar of an unknown god.
  2257 | D:3      | Reached XP level 5. HP: 35/42 MP: 5/5
  2377 | D:3      | Found a bloodstained altar of Trog.
  2426 | D:3      | Noticed Robin
  2455 | D:3      | Killed Robin
  2722 | D:3      | Reached skill level 4 in Long Blades
  2896 | D:4      | Reached XP level 6. HP: 48/48 MP: 6/6
  2918 | D:4      | Noticed a +0 dagger
  2919 | D:4      | Noticed a +0 hand axe
  2921 | D:4      | Found a hide-covered altar of Uskayaw.
  2937 | D:4      | Noticed Pikel
  2938 | D:4      | Noticed Natasha
  2965 | D:4      | Killed Pikel
  2966 | D:4      | Reached skill level 6 in Long Blades
  2966 | D:4      | Gained mutation: You regenerate health from kills. [demonic
                  | ancestry]
  2966 | D:4      | Reached XP level 7. HP: 47/55 MP: 7/7
  2968 | D:4      | Killed Natasha
  3124 | D:4      | Reached skill level 5 in Fighting
  3355 | D:4      | Reached skill level 7 in Long Blades
  3355 | D:4      | Reached XP level 8. HP: 57/62 MP: 8/8
  3382 | D:4      | Noticed Natasha
  3399 | D:4      | Killed Natasha
  3713 | D:5      | Entered Level 5 of the Dungeon
  3776 | D:5      | Found a glowing drain.
  3780 | Sewer    | Entered a sewer
  4061 | D:5      | Found Leshisos's Magic Scroll Shoppe.
  4069 | D:5      | Bought a scroll of teleportation for 45 gold pieces
  4079 | D:5      | Noticed Duvessa
  4079 | D:5      | Noticed Dowan
  4086 | D:5      | Killed Dowan
  4112 | D:5      | Killed Duvessa
  4113 | D:5      | Reached skill level 8 in Long Blades
  4255 | D:5      | Found a basalt altar of Yredelemnul.
  4280 | D:5      | Found a staircase to the Ecumenical Temple.
  4315 | D:5      | Reached skill level 9 in Long Blades
  4511 | D:5      | Gained mutation: Your demonic aura sometimes causes spilled
                  | blood to erupt in flames. [demonic ancestry]
  4511 | D:5      | Reached XP level 9. HP: 69/69 MP: 9/9
  4661 | D:5      | Reached skill level 1 in Evocations
  5449 | D:6      | Found a radiant altar of Vehumet.
  5579 | D:6      | Found a blossoming altar of Fedhas.
  6043 | D:7      | Reached skill level 10 in Long Blades
  6123 | D:7      | Paralysed by a hornet for 1 turns
  7272 | D:7      | Reached skill level 11 in Long Blades
  7756 | D:8      | Noticed a two-headed ogre
  7768 | D:8      | Killed a two-headed ogre
  7769 | D:8      | Gained mutation: Your demonic aura often causes spilled
                  | blood to erupt in flames. [demonic ancestry]
  7769 | D:8      | Reached XP level 10. HP: 41/80 MP: 10/10
  8044 | D:8      | Noticed Grum
  8046 | D:8      | Noticed Psyche
  8053 | D:8      | Killed Grum
  8084 | D:8      | Killed Psyche
  8176 | D:8      | Reached skill level 12 in Long Blades
  8501 | D:9      | Found a staircase to the Lair.
  8621 | D:9      | Noticed a two-headed ogre
  8630 | D:9      | Killed a two-headed ogre
  8712 | D:9      | Noticed an eight-headed hydra
  8743 | D:9      | HP: 3/82 [15-headed hydra (8)]
  9149 | D:9      | Killed from afar by an electric eel

Illustrated notes

Levels and vault maps discovered:
D:1:      dpeg_arrival_rhombi, layout_rooms, serial_forest,
          infiniplex_forest_clump_curved, infiniplex_forest_zigzag_2,
          infiniplex_forest_end_2, infiniplex_forest_clump_small,
          infiniplex_forest_lined_4_way, infiniplex_forest_clump_cross,
          infiniplex_forest_lined_1, infiniplex_forest_clump_diagonal,
          chequers_serial_rivers_small_3, nrook_mini_vaults,
          ebering_dispersal_statue_hall
D:2:      minmay_evil_eye, layout_basic,
          hellmonk_ecumenical_altar_inner_sanctum, uniq_terence
D:3:      cheibrodos_pilgrimage, layout_rooms, amcnicky_altar_gilded, uniq_robin
D:4:      layout_loops_cross, dancing_weapons_uskayaw, minmay_misc_feat_hallway,
          st_stairs_2, uniq_natasha, uniq_pikel
D:5:      layout_basic, nicolae_yredelemnul_corpse_copse,
          minmay_temple_entry_stoned_glass, enter_ossuary_2, serial_shops,
          nicolae_shop_advertising_works [nicolae_subvault_shop_adworks],
          gup_sewer_entry_bowl, hangedman_glass_teeth, uniq_duvessa
D:6:      layout_basic, fiery_altar_vehumet, mainiacjoe_overflow_boulevard
D:7:      layout_rooms, nicolae_zen_rock_garden, hangedman_misty_isle
D:8:      layout_rooms, uniq_grum, uniq_psyche
D:9:      kennysheep_big_flooded_room, layout_rooms,
          mainiacjoe_overflow_surrounded_room, dpeg_oklobed_lair,
          minmay_fountain_box, minmay_evil_grid

Skill      XL: |  1  2  3  4  5  6  7  8  9 10 |
---------------+-------------------------------+-----
Long Blades    | 2 3 4 6 7 9 11 12 | 12.4
Shields        | 3 4 |  4.0
Fighting       | 4 5 6 7 9 |  9.0
Evocations     | 1 |  1.4
Armour         | |  2.8

Action                   |  1- 3 |  4- 6 |  7- 9 | 10-12 || total
-------------------------+-------+-------+-------+-------++-------
Melee: Long sword        |    72 |   204 |   445 |   111 ||   832
Evoke: Wand              |       |       |     8 |       ||     8
  Use: Scroll            |     5 |     5 |    11 |     3 ||    24
       Potion            |       |     1 |     4 |       ||     5
Armor: Scale mail        |    31 |    92 |   127 |    33 ||   283
Dodge: Dodged            |    40 |    79 |   204 |    69 ||   392
Block: Buckler           |    14 |   183 |   370 |   102 ||   669
       Reflection        |       |     4 |     7 |       ||    11

Table legend: (Time is in decaauts)
 A = Elapsed time spent in this place.
 B = Non-inter-level travel time spent in this place.
 C = Inter-level travel time spent in this place.
 D = Time resting spent in this place.
 E = Time spent auto-exploring this place.
 F = Levels seen in this place.
 G = Mean time per level.
                   A        B        C        D        E       F      G
               +--------+--------+--------+--------+--------+-----+--------+
         Total |   9275 |   9083 |    192 |   1337 |   5466 |  10 |  927.5 |
       Dungeon |   8952 |   8760 |    192 |   1337 |   5298 |   9 |  994.7 |
         Sewer |    323 |    323 |      0 |      0 |    167 |   1 |  323.0 |
               +--------+--------+--------+--------+--------+-----+--------+

Top non-repeatable levels by time:
     D:7: 1836 daAuts
     D:5: 1229 daAuts
     D:2: 1136 daAuts
     D:1: 1073 daAuts
     D:4: 933 daAuts
     D:9: 724 daAuts
     D:6: 685 daAuts
     D:8: 680 daAuts
     D:3: 652 daAuts
   Sewer: 323 daAuts
